 Dungeon Crawl Stone Soup version 0.20.0 (webtiles) character file.

87 ayylmao420 the Magician (level 4, -8/27 HPs)
             Began as an Octopode Wizard on Aug 17, 2017.
             Killed from afar by an orc wizard (11 damage)
             ... with a magic dart
             ... on level 3 of the Dungeon.
             The game lasted 00:03:44 (2074 turns).

ayylmao420 the Magician (Octopode Wizard)           Turns: 2074, Time: 00:03:45

Health: -8/27      AC:  1    Str:  6    XL:     4   Next: 51%
Magic:  10/10      EV: 13    Int: 21    God:
Gold:   63         SH:  0    Dex: 10    Spells: 8/12 levels left

rFire    . . .     SeeInvis .   f - +0 spear
rCold    . . .     Gourm    .   (no shield)
rNeg     . . .     Faith    .   a - +0 hat
rPois    .         Spirit   .   (no amulet)
rElec    .         Reflect  .   (no ring)
rCorr    .         Harm     .   (no ring)
MR       .....                  (no ring)
Stlth    ++........             (no ring)
Regen    0.1/turn               (no ring)
MPRegen  0.2/turn               (no ring)
                                (no ring)
                                (no ring)

@: confused
A: almost no armour, stealthy swim, amphibious, 8 rings, constrict 8, camouflage
1, gelatinous body 1
a: no special abilities


You were on level 3 of the Dungeon.
You were not hungry.

You visited 1 branch of the dungeon, and saw 3 of its levels.

You collected 63 gold pieces.

Inventory:

Hand Weapons
 d - a -2 short sword
 f - a +0 spear (weapon)
Missiles
 o - 15 poisoned needles
Armour
 a - a +0 hat (worn)
Wands
 j - a wand of confusion (31/48)
Scrolls
 h - a scroll of noise {unknown}
 i - 2 scrolls of identify {unknown}
 m - a scroll of remove curse
Potions
 e - a potion of berserk rage {unknown}
 g - 2 potions of curing
 l - a potion of agility {unknown}
 n - a potion of invisibility {unknown}
Books
 b - a book of Minor Magic

   Spells                             Type                      Level
   a - Magic Dart                     Conjuration                  1
   b - Blink                          Translocation                2
   c - Call Imp                       Summoning                    2
   d - Slow                           Hexes                        2
   e - Conjure Flame                  Conjuration/Fire             3
   f - Mephitic Cloud                 Conjuration/Poison/Air       3
Comestibles
 c - 3 bread rations


   Skills:
 - Level 2.0 Dodging
 - Level 2.6 Stealth
 * Level 4.5 Spellcasting
 + Level 2.0 Conjurations
   Level 1.0 Summonings
   Level 1.0 Translocations


You had 8 spell levels left.
You knew the following spells:

 Your Spells              Type           Power        Failure   Level  Hunger
a - Magic Dart            Conj           ##..         4%          1    None
b - Mephitic Cloud        Conj/Pois/Air  #.......     26%         3    ##.....


Dungeon Overview and Level Annotations

Branches:
Dungeon (3/15)

Altars:


Innate Abilities, Weirdness & Mutations

You cannot wear most types of armour.
You are very stealthy in the water. (Stealth+)
You are amphibious.
You can wear up to eight rings at the same time.
You can use your tentacles to constrict eight enemies at once.
Your skin changes colour to match your surroundings (Stealth+).
Your rubbery body absorbs attacks. (AC +1, EV +1)


Message History

You are confused.
The orc wizard misses you.
You hit the orc wizard but do no damage.
The orc wizard is moderately wounded.
You constrict the orc wizard. The orc wizard closely misses you.
You're too confused to move!
You constrict the orc wizard.
The orc wizard hits you with a dagger of flaming.
The orc wizard burns you.
* * * LOW HITPOINT WARNING * * *
You release your grip on the orc wizard.
You bump into the rock wall.
The orc wizard hits you but does no damage.
You bump into the rock wall.
The orc wizard hits you with a dagger of flaming.
* * * LOW HITPOINT WARNING * * *
The orc wizard burns you.
* * * LOW HITPOINT WARNING * * *
The orc wizard casts a spell at you. The magic dart hits you!
You die...

.##.# ### #.## #...# ....#
######## #..# #...# .####
#......# ##.# #...# .#####
#.####.####.########...#
.....####.####.#..........##...##
##..........##.#.#####...........
#...####.#......# #.##.#.#...#
##### #......#.# #.o..o.....#
########@# #.##.#.#....
#.#####.##........
#.o)..............
####.##.###.......
##.##........... #...#####.......
##...## #..<.... #.#.#.# #.......
##...## #.......


You could see an orc wizard.

Vanquished Creatures
  3 adders (D:2)
  A gnoll (D:1)
  A worm (D:2)
  A dart slug (D:1)
  A leopard gecko (D:2)
  An orc (D:3)
  A ball python (D:2)
  2 giant cockroaches
  4 goblins
  5 hobgoblins
  8 kobolds
  7 bats
  3 frilled lizards (D:2)
  5 rats
43 creatures vanquished.

Notes
Turn   | Place    | Note
-------+----------+-------------------------------------------
     0 | D:1      | ayylmao420 the Octopode Wizard began the quest for the Orb.
     0 | D:1      | Reached XP level 1. HP: 11/11 MP: 4/4
   204 | D:1      | Reached XP level 2. HP: 17/17 MP: 6/6
   878 | D:1      | Reached skill level 4 in Spellcasting
   878 | D:1      | Reached XP level 3. HP: 21/21 MP: 0/8
  1358 | D:2      | Reached XP level 4. HP: 27/27 MP: 10/10
  2037 | D:3      | Learned a level 3 spell: Mephitic Cloud
  2074 | D:3      | Killed from afar by an orc wizard

Skill      XL: |  1  2  3  4 |
---------------+-------------+-----
Spellcasting   | 4 |  4.5
Conjurations   | 2 |  2.0
Dodging        | |  2.0
Stealth        | |  2.6
Summonings     | |  1.0
Translocations | |  1.0

Action                   |  1- 3 |  4- 6 || total
-------------------------+-------+-------++-------
Melee: Short sword       |    25 |       ||    25
       Constrict         |    14 |     9 ||    23
       Unarmed           |     1 |       ||     1
       Tentacles         |     7 |     5 ||    12
       Spear             |    30 |    48 ||    78
 Cast: Magic Dart        |    38 |       ||    38
  Use: Scroll            |     1 |       ||     1
 Stab: Sleeping          |     6 |     4 ||    10
  Eat: Chunk             |     1 |     3 ||     4
Armor: Skin              |     3 |     4 ||     7
Dodge: Dodged            |    56 |    29 ||    85
